AoeStats
← pcl

Golden Pit

509323401Analyzed
1v1 RM · 4d ago on Sep 26, 2026· 54m 7s· 2 players
Game mode
Random Map
Map size
Tiny (2 player)
Population
200
Speed
Normal
Resources
Standard
Victory
Conquest
Starting age
Dark Age
Ending age
Imperial Age
RankedLock teamsTeams togetherTeam positionsShared explorationLock speedFull tech treeHidden civsTurbo modeCheats
Victory
Defeat
🇨🇳 Magyars · China
554
+14
🇨🇳 Persians · China
516
-18
万少琛
8:54 Feudal Age
9:45 Double-Bit Axe
10:59 Horse Collar
16:25 Bloodlines
23:10 Castle Age
24:21 Light Cavalry
26:54 Bloodlines
27:00 Scale Barding Armor
27:06 Forging
26:57 Fletching
28:25 Wheelbarrow
28:18 Heavy Plow
28:48 Bow Saw
28:45 Gold Mining
32:37 Iron Casting
37:39 Gold Shaft Mining
38:13 Hand Cart
38:56 Husbandry
45:33 Imperial Age
44:40 Stone Mining
45:39 Masonry
45:59 Chain Barding Armor
45:37 Bodkin Arrow
45:47 Scale Mail Armor
46:26 Parthian Tactics
47:26 Two-Man Saw
46:58 Crop Rotation
51:05 Kamandaran
51:24 Citadels
51:28 Murder Holes
pcl
11:27 Feudal Age
19:19 Scale Mail Armor
22:20 Castle Age
22:05 Double-Bit Axe
22:03 Horse Collar
23:01 Pikeman
24:08 Bloodlines
23:19 Light Cavalry
24:03 Husbandry
26:35 Chain Mail Armor
26:25 Corvinian Army
28:59 Bow Saw
33:17 Arson
34:01 Heavy Plow
35:09 Wheelbarrow
34:42 Gold Mining
34:43 Stone Mining
39:34 Imperial Age
38:45 Hand Cart
39:40 Cavalier
41:49 Two-Man Saw
40:23 Capped Ram
41:52 Gold Shaft Mining
42:01 Scale Barding Armor
41:47 Fletching
42:23 Halberdier
43:50 Conscription
43:48 Elite Magyar Huszar
45:18 Chain Barding Armor
44:55 Bodkin Arrow
47:34 Plate Barding Armor
47:00 Bracer
48:43 Murder Holes
49:09 Ballistics
49:50 Chemistry
49:33 Padded Archer Armor
53:15 Man-at-Arms
54:06 Siege Engineers
Connection lost

Rejoining the realm…

Still unreachable

The connection could not be restored.

Session expired

The server has moved on; the page needs a fresh start.